 Dungeon Crawl Stone Soup version 0.30-a0-1008-g30c9307041 (webtiles) character file.

Game seed: 8436179618638442954

130139 Sobieck the Marksmummy (level 16, -8/127 HPs)
             Began as a Mummy Hunter on Apr 5, 2023.
             Was a High Priest of Cheibriados.
             Killed by divine providence
             ... invoked by Saint Roka
              (11 damage)
             ... on level 2 of the Snake Pit.
             The game lasted 01:21:22 (31290 turns).

Sobieck the Marksmummy (Mummy Hunter)              Turns: 31290, Time: 01:21:23

Health: -8/127     AC: 32    Str: 31    XL:     16   Next: 52%
Magic:  7/22       EV: 36    Int: 21    God:    Cheibriados [*****.]
Gold:   898        SH:  0    Dex: 33    Spells: 15/15 levels left

rFire   . . .      SeeInvis .    z - +9 shortbow "Meliudwe" {drain, Str+3, bow}
rCold   . . .      Faith    +    (shield currently unavailable)
rNeg    + + +      Spirit   .    E - +6 plate armour {ponderous}
rPois   ∞          Reflect  .    T - +1 helmet
rElec   .          Rampage  .    A - +1 cloak
rCorr   .                        o - +1 pair of gloves
Will    ++...                    e - +1 pair of boots Stlth
                                 i - amulet of the acrobat
HPRegen 0.41/turn                n - +5 ring of evasion
MPRegen 0.18/turn                O - ring of fire

@: acrobatic, very slow
A: cold resistance 1, negative energy resistance 3, torment resistance 2, heat
vulnerability 1, in touch with death 2, no potions, faith
a: Renounce Religion, Bend Time, Temporal Distortion, Slouch, Step From Time


You were on level 2 of the Snake Pit.
You worshipped Cheibriados.
Cheibriados was extremely pleased with you.
You visited 5 branches of the dungeon, and saw 26 of its levels.
You visited the Abyss 1 time.
You also visited: Gauntlet.

You collected 2121 gold pieces.
You spent 1223 gold pieces at shops.


Innate Abilities, Weirdness & Mutations

You are immune to poison.
Your flesh is cold resistant. (rC+)
You are immune to negative energy. (rN+++)
You are immune to unholy pain and torment.
You are vulnerable to heat. (rF-)
You are strongly in touch with the powers of death.
You do not drink.
You have a special connection with the divine. (Faith)


   Skills:
 - Level 12.0 Fighting
 - Level 16.0 Ranged Weapons
 + Level 13.8 Armour
 - Level 8.0 Dodging
 - Level 4.0 Stealth
 - Level 9.0 Invocations


You had 15 spell levels left.
You didn't know any spells.
Your spell library contained the following spells:

 Spells                   Type           Power      Damage    Failure   Level
 Shock                    Conj/Air       0%         1d3       69%         1
 Slow                     Hex            0%         N/A       69%         1
 Sting                    Tmut/Pois      0%         1d3       69%         1
 Lesser Beckoning         Tloc           0%         N/A       83%         2
 Poisonous Vapours        Pois/Air       0%         N/A       83%         2
 Confusing Touch          Hex            0%         N/A       96%         3
 Frozen Ramparts          Ice            0%         1d1       96%         3
 Mephitic Cloud           Conj/Pois/Air  0%         N/A       96%         3
 Portal Projectile        Hex/Tloc       0%         N/A       96%         3
 Swiftness                Air            0%         N/A       96%         3
 Teleport Other           Tloc           0%         N/A       96%         3
 Tukima's Dance           Hex            0%         N/A       96%         3
 Vampiric Draining        Necr           0%         2d6       96%         3
 Vhi's Electric Charge    Tloc/Air       0%         N/A       96%         3
 Airstrike                Air            0%         2d(0-16)  100%        4
 Olgreb's Toxic Radiance  Pois           0%         N/A       100%        4
 Summon Ice Beast         Ice/Summ       0%         N/A       100%        4
 Arcjolt                  Conj/Air       0%         1d10      100%        5
 Freezing Cloud           Conj/Ice/Air   0%         6-21      100%        5
 Dispersal                Tloc           0%         N/A       100%        6
 Plasma Beam              Fire/Air       0%         2x1d11    100%        6
 Ice Form                 Ice/Tmut       Unusable   N/A       N/A         4
 Blade Hands              Tmut           Unusable   N/A       N/A         5

Inventory:

Hand Weapons
 g - a +0 longbow {bow}
   (You found it on level 1 of the Lair of Beasts)
 y - a +0 arbalest {crossbow}
   (You took it off an orc warrior on level 10 of the Dungeon)
 z - the +9 shortbow "Meliudwe" (weapon) {drain, Str+3, bow}
   (You took it off a minotaur in a Gauntlet)

   Str:       It affects your strength (+3).
 S - a +0 shortbow of freezing {bow}
   (You took it off a centaur on level 5 of the Dungeon)
Missiles
 h - 2 throwing nets {=f!fthrowing}
 j - 41 poisoned darts {throwing}
 m - 9 curare-tipped darts {=fthrowing}
 J - 3 atropa-tipped darts {throwing}
 P - 16 javelins {throwing}
 V - 25 boomerangs {throwing}
Armour
 e - a +1 pair of boots (worn)
   (You found it on level 1 of the Dungeon)
 o - a +1 pair of gloves (worn)
   (You found it on level 2 of the Dungeon)
 q - a +0 troll leather armour
   (You found it on level 7 of the Dungeon)
 A - a +1 cloak (worn)
   (You took it off Maurice on level 10 of the Dungeon)
 E - a +6 plate armour of ponderousness (worn)
   (You took it off a minotaur in a Gauntlet)
 L - a scarf of repulsion
   (You found it on level 2 of the Snake Pit)
 N - a +1 hat
   (You found it in a Gauntlet)
 T - a +1 helmet (worn)
   (You bought it in a shop on level 6 of the Dungeon)
Magical Staves
 U - a staff of fire {!astaff}
   (You found it on level 6 of the Dungeon)
Jewellery
 a - a ring of fire
   (You found it on level 14 of the Dungeon)
 c - a ring of willpower
   (You found it on level 7 of the Dungeon)
 i - an amulet of the acrobat (around neck)
   (You found it on level 10 of the Dungeon)
 n - a +5 ring of evasion (left hand)
   (You found it on level 2 of the Dungeon)
 u - an amulet of magic regeneration {@e2}
   (You found it on level 2 of the Lair of Beasts)
 x - a ring of see invisible
   (You found it on level 3 of the Dungeon)
 I - a ring of protection from fire
   (You found it on level 6 of the Dungeon)
 O - a ring of fire (right hand)
   (You found it on level 3 of the Lair of Beasts)
 Q - a ring of flight
   (You bought it in a shop on level 6 of the Dungeon)
 X - a ring of resist corrosion
   (You found it on level 5 of the Lair of Beasts)
Wands
 r - a wand of roots (12)
   (You found it on level 10 of the Dungeon)
 t - a wand of acid (14)
   (You found it on level 9 of the Dungeon)
 D - a wand of paralysis (12)
   (You took it off Maurice on level 10 of the Dungeon)
 F - a wand of mindburst (14)
   (You found it in a Gauntlet)
 Y - a wand of flame (4)
   (You found it on level 6 of the Dungeon)
Scrolls
 b - 4 scrolls of immolation {!r!r}
 f - 2 scrolls of noise {!r}
 k - a scroll of fog
 l - 5 scrolls of amnesia
 p - a scroll of brand weapon
 s - 3 scrolls of enchant weapon
 v - 2 scrolls of torment
 w - 5 scrolls of vulnerability {!r!r}
 B - 11 scrolls of teleportation {@r4}
 C - 3 scrolls of blinking {!r}
 G - 2 scrolls of summoning
 H - 6 scrolls of magic mapping {!r}
 K - a scroll of poison
 R - 9 scrolls of identify {@r1}
 W - 4 scrolls of fear
Miscellaneous
 d - a condenser vane
   (You found it on level 1 of the Snake Pit)
 M - a phial of floods
   (You found it in a Gauntlet)
 Z - a lightning rod (4/4)
   (You found it on level 12 of the Dungeon)

Dungeon Overview and Level Annotations

Branches:
Dungeon (15/15) Zot: 37578  Temple (1/1) D:7 Zot: 8882    Lair (5/5) D:10 Zot: 32459
 Shoals (0/4) Lair:2        Snake (3/4) Lair:2 Zot: 22582   Slime (0/5) Lair:5
    Orc (2/2) D:12 Zot: 15048     Elf (0/3) Orc:2        Vaults (0/5) D:13
 Depths (0/4) D:15        Gauntlet (visited)

Altars:
Ashenzari
Cheibriados
Kikubaaqudgha
Nemelex Xobeh
Ru
Uskayaw
Xom
Jiyva

Shops:
D:6 =*[((   Orc:2 !??

Portals:
Trove: D:12 (show slimy rune of Zot)

Annotations:
D:5 4 runed translucent doors, Crazy Yiuf; puppykicker's ghost, novice DjFE
D:6 3 runed translucent doors, asti's ghost, amateur MiFi
Lair:1 1 runed translucent door, Wuguth's ghost, journeyman GrEE
Lair:5 1 runed translucent door, Pooter's ghost, journeyman MiBe
Snake:1 Roxanne
Snake:2 exclusion: downstairs, Saint Roka
Orc:2 1 runed translucent door, exclusion: upstairs, Paptupha's ghost, journeyman DEHu

....###.#######§§§....#####
...## #.# #§§§....#
⌠.#############§#§....#
............##§§§§..###
[.....⌠......##§§####
#.............#§.#
###########.⌠.#o## #....#
##....#§§#
.....####....###@#
...#...##...##.#§###
.....#....###..#§§.#
...#...##.....##§§.#
........#......#§§§#
#..............###§#
....#####..........# #...#
############ #####


You could see Saint Roka (drained).


Message History

Fire: z) +9 shortbow "Meliudwe" {drain, Str+3, bow}
Press: ? - help, Q - select action, (/) - cycle Shift-Dir - straight line, f/p - Saint Roka
Aim: Saint Roka, wielding a +0 long sword of protection and wearing a +0 chain mail of poison resistance (severely wounded, lightly drained, 83% to hit)
You shoot an arrow. The arrow hits Saint Roka!
Saint Roka misses you.
Fire: z) +9 shortbow "Meliudwe" {drain, Str+3, bow}
Press: ? - help, Q - select action, (/) - cycle Shift-Dir - straight line, f/p - Saint Roka
Aim: Saint Roka, wielding a +0 long sword of protection and wearing a +0 chain mail of poison resistance (severely wounded, lightly drained, 83% to hit)
You shoot an arrow.
The arrow hits Saint Roka but does no damage.
Saint Roka invokes the aid of Beogh against you.
Beogh smites you!
Fire: z) +9 shortbow "Meliudwe" {drain, Str+3, bow}
Press: ? - help, Q - select action, (/) - cycle Shift-Dir - straight line, f/p - Saint Roka
Aim: Saint Roka, wielding a +0 long sword of protection and wearing a +0 chain mail of poison resistance (severely wounded, lightly drained, 83% to hit)
You shoot an arrow.
The arrow hits Saint Roka but does no damage.
You drain Saint Roka.
Saint Roka calls down the wrath of Beogh upon you.
Beogh smites you!
* * * LOW HITPOINT WARNING * * *
Fire: z) +9 shortbow "Meliudwe" {drain, Str+3, bow}
Press: ? - help, Q - select action, (/) - cycle Shift-Dir - straight line, f/p - Saint Roka
Aim: Saint Roka, wielding a +0 long sword of protection and wearing a +0 chain mail of poison resistance (severely wounded, lightly drained, 83% to hit)
You shoot an arrow. The arrow barely misses Saint Roka.
Saint Roka mumbles some strange prayers to Beogh against you.
Beogh smites you!
* * * LOW HITPOINT WARNING * * *
Fire: z) +9 shortbow "Meliudwe" {drain, Str+3, bow}
Press: ? - help, Q - select action, (/) - cycle Shift-Dir - straight line, f/p - Saint Roka
Aim: Saint Roka, wielding a +0 long sword of protection and wearing a +0 chain mail of poison resistance (severely wounded, lightly drained, 83% to hit)
You shoot an arrow.
The arrow hits Saint Roka but does no damage.
You drain Saint Roka.
Saint Roka says, "I shall smite you and smash you."
Saint Roka misses you. The flow of time bends around you.
Saint Roka easily resists.
Saint Roka hits you but does no damage.
Unknown command.
Fire: z) +9 shortbow "Meliudwe" {drain, Str+3, bow}
Press: ? - help, Q - select action, (/) - cycle Shift-Dir - straight line, f/p - Saint Roka
Aim: Saint Roka, wielding a +0 long sword of protection and wearing a +0 chain mail of poison resistance (severely wounded, lightly drained, 83% to hit)
You shoot an arrow. The arrow hits Saint Roka.
You drain Saint Roka.
Saint Roka hits you with a +0 long sword of protection!
* * * LOW HITPOINT WARNING * * *
Fire: z) +9 shortbow "Meliudwe" {drain, Str+3, bow}
Press: ? - help, Q - select action, (/) - cycle Shift-Dir - straight line, f/p - Saint Roka
Aim: Saint Roka, wielding a +0 long sword of protection and wearing a +0 chain mail of poison resistance (severely wounded, lightly drained, 83% to hit)
You shoot an arrow. The arrow hits Saint Roka.
Saint Roka hits you with a +0 long sword of protection.
* * * LOW HITPOINT WARNING * * *
Fire: z) +9 shortbow "Meliudwe" {drain, Str+3, bow}
Press: ? - help, Q - select action, (/) - cycle Shift-Dir - straight line, f/p - Saint Roka
Aim: Saint Roka, wielding a +0 long sword of protection and wearing a +0 chain mail of poison resistance (almost dead, lightly drained, 83% to hit)
You shoot an arrow. The arrow hits Saint Roka!
Saint Roka mumbles some strange prayers to Beogh against you.
Beogh smites you!
* * * LOW HITPOINT WARNING * * *
Fire: z) +9 shortbow "Meliudwe" {drain, Str+3, bow}
Press: ? - help, Q - select action, (/) - cycle Shift-Dir - straight line, f/p - Saint Roka
Aim: Saint Roka, wielding a +0 long sword of protection and wearing a +0 chain mail of poison resistance (almost dead, lightly drained, 83% to hit)
You shoot an arrow. The arrow hits Saint Roka!
Saint Roka completely misses you.
Fire: z) +9 shortbow "Meliudwe" {drain, Str+3, bow}
Press: ? - help, Q - select action, (/) - cycle Shift-Dir - straight line, f/p - Saint Roka
Aim: Saint Roka, wielding a +0 long sword of protection and wearing a +0 chain mail of poison resistance (almost dead, lightly drained, 83% to hit)
You shoot an arrow.
The arrow hits Saint Roka but does no damage.
Saint Roka completely misses you.
Fire: z) +9 shortbow "Meliudwe" {drain, Str+3, bow}
Press: ? - help, Q - select action, (/) - cycle Shift-Dir - straight line, f/p - Saint Roka
Aim: Saint Roka, wielding a +0 long sword of protection and wearing a +0 chain mail of poison resistance (almost dead, lightly drained, 83% to hit)
You shoot an arrow. The arrow hits Saint Roka!
You drain Saint Roka. Saint Roka barely misses you.
Fire: z) +9 shortbow "Meliudwe" {drain, Str+3, bow}
Press: ? - help, Q - select action, (/) - cycle Shift-Dir - straight line, f/p - Saint Roka
Aim: Saint Roka, wielding a +0 long sword of protection and wearing a +0 chain mail of poison resistance (almost dead, lightly drained, 83% to hit)
You shoot an arrow. The arrow barely misses Saint Roka.
Saint Roka barely misses you.
Really read
C - 4 scrolls of blinking {!r}?
Blink to where?
Press: ? - help, Dir - move target, p - Saint Roka
As you read the scroll of blinking {!r}, it crumbles to dust.
Saint Roka invokes the aid of Beogh against you.
Beogh smites you!
* * * LOW HITPOINT WARNING * * *
As you read the scroll of fog, it crumbles to dust.
The scroll dissolves into smoke.
Okay, then.
Unknown command.
Danger!
The air fills with toxic fumes!
As you read the scroll of poison, it crumbles to dust.
Saint Roka mumbles some strange prayers to Beogh against you.
Beogh smites you!
* * * LOW HITPOINT WARNING * * *
Unknown command.
Saint Roka calls down the wrath of Beogh upon you.
Beogh smites you!
You die...

Skill      XL: |  1  2  3  4  5  6  7  8  9 10 11 12 13 14 15 16 |
---------------+-------------------------------------------------+-----
Ranged Weapons | 4 5 6 7 8 10 11 12 13 14 16 | 16.0
Stealth        | 1 4 |  4.0
Armour         | 1 2 5 8 11 13 | 13.8
Dodging        | 2 4 6 8 |  8.0
Fighting       | 5 7 8 10 11 12 | 12.0
Invocations    | 3 7 9 |  9.0

Action                     |  1- 3 |  4- 6 |  7- 9 | 10-12 | 13-15 | 16-18 || total
---------------------------+-------+-------+-------+-------+-------+-------++-------
   Fire: Shortbow          |   111 |   200 |   161 |    79 |  1398 |   343 ||  2292
         Sling             |       |       |   158 |   596 |       |       ||   754
  Throw: Throwing net      |       |       |       |       |     1 |       ||     1
 Invoke: Bend Time         |       |       |       |     9 |    12 |     5 ||    26
         Slouch            |       |       |       |     4 |    18 |     4 ||    26
  Evoke: Wand              |       |       |       |     1 |     7 |       ||     8
    Use: Scroll            |       |     5 |     1 |     6 |     9 |     7 ||    28
 Armour: Leather armour    |    13 |    45 |    38 |       |       |       ||    96
         Troll leather arm |       |       |     3 |    30 |    63 |       ||    96
         Plate armour      |       |       |       |       |   108 |    82 ||   190
  Dodge: Dodged            |    22 |   112 |   116 |   233 |   788 |   174 ||  1445

Levels and vault maps discovered:
D:1:      mrwooster_arrival_statue_3, layout_loops_ring
D:2:      layout_basic, minmay_indecisive_spiral
D:3:      layout_basic, minmay_crystal_water, st_stairs_5,
          kennysheep_generic_room_12
D:4:      layout_loops_ring, serial_bayou_lagoon_b
D:5:      layout_layer_cave, biasface_ghost_orc_armoury,
          uniq_crazy_yiuf_cottage, uniq_edmund, uniq_eustachio
D:6:      layout_cave_pods, gammafunk_ghost_split, nicolae_stop_n_shop_2,
          minmay_shop_grid_forest, uniq_blork_the_orc
D:7:      minmay_angry_zag, layout_loops_ring,
          minmay_temple_entry_drinking_statues
D:8:      layout_loops_corners, enter_bailey_3, special_room [special_room_orc],
          enter_ossuary_3, dk_noncrumbling_4, st_stairs_2
D:9:      layout_stronghold, old_standard_altar
D:10:     layout_roguey, dpeg_oklobed_lair, uniq_maurice
D:11:     layout_roguey
D:12:     layout_loops_ring, orc_0_dummy, enter_trove_2, uniq_nergalle
D:13:     layout_stronghold, grunt_vaults_entry_fortified,
          ashenzari_conservatory_becter, uniq_urug
D:14:     layout_stronghold, serial_bayou, serial_bayou_ford_a,
          serial_bayou_lake_a, serial_bayou_pond_e, serial_bayou_pond_e,
          kiku_gazebo_garden_becter
D:15:     grunt_enter_depths_snipers, layout_loops_corners,
          chequers_decorated_corner
Temple:   roderic_octagonal_lattice_temple
Lair:1:   layout_layer_cave, gammafunk_ghost_grave, portal_ice_cave_rime,
          uniq_erica
Lair:2:   layout_chaotic_city, nicolae_shoals_entry_flooding,
          minmay_snake_entry_spellcaster, grunt_megastairs_1
Lair:3:   layout_cave_pods, gauntlet_entry_generic,
          grunt_forest_stairs_clearing, grunt_megastairs_4
Lair:4:   layout_gridlike, infiniplex_staircase_pool, serial_bayou_shore_b
Lair:5:   hangedman_lair_in_review, layout_gridlike, slime_entry_1,
          gammafunk_ghost_grave, uniq_sonja, uniq_josephine
Snake:1:  layout_rooms, dpeg_stationary_puzzle, uniq_aizul, uniq_roxanne,
          uniq_agnes, uniq_louise
Snake:2:  layout_misc_corridors, nicolae_triple_integral, uniq_frances
Snake:3:  layout_cave_pods, lemuel_fruit_tree, minmay_shop_grove,
          serial_bayou_shore_a, uniq_bai_suzhen, uniq_saint_roka
Orc:1:    layout_caves, basic_altar
Orc:2:    st_orc_pillars, layout_diamond_mine, ebering_ghost_xom

Notes
Turn   | Place    | Note
-------+----------+-------------------------------------------
     0 | D:1      | Sobieck the Mummy Hunter began the quest for the Orb.
     0 | D:1      | Reached XP level 1. HP: 16/16 MP: 1/1
   107 | D:1      | Reached XP level 2. HP: 22/22 MP: 2/2
   775 | D:2      | Reached skill level 4 in Ranged Weapons
   835 | D:2      | Gained mutation: You are in touch with the powers of death.
                  | [Mummy growth]
   835 | D:2      | Reached XP level 3. HP: 27/27 MP: 3/3
  1320 | D:2      | Reached XP level 4. HP: 33/33 MP: 4/4
  1664 | D:3      | Reached skill level 5 in Ranged Weapons
  1751 | D:3      | Reached XP level 5. HP: 17/38 MP: 5/5
  2623 | D:4      | Noticed a centaur
  2689 | D:4      | Killed a centaur
  2690 | D:4      | Reached skill level 6 in Ranged Weapons
  2690 | D:4      | Reached XP level 6. HP: 18/44 MP: 6/6
  2823 | D:4      | You add the spells Sting, Poisonous Vapours and Olgreb's
                  | Toxic Radiance to your library.
  3056 | D:4      | You pick up a book of Debilitation and begin reading...
  3056 | D:4      | You add the spells Slow, Vampiric Draining and Confusing
                  | Touch to your library.
  3059 | D:4      | You pick up a book of Vapours and begin reading...
  3059 | D:4      | You add the spells Mephitic Cloud and Freezing Cloud to
                  | your library.
  3673 | D:5      | Entered Level 5 of the Dungeon
  3673 | D:5      | Noticed Edmund
  3674 | D:5      | Noticed Eustachio
  3824 | D:4      | Killed Eustachio
  3825 | D:4      | Reached skill level 7 in Ranged Weapons
  3825 | D:4      | Reached XP level 7. HP: 41/50 MP: 7/7
  4302 | D:5      | Found a runed translucent gate.
  4303 | D:5      | Found a runed translucent gate.
  4304 | D:5      | Noticed puppykicker's ghost (novice DjFE)
  4304 | D:5      | Found a runed translucent gate.
  4306 | D:5      | Identified the +2 ring mail of the Game Afoot {Drain rElec
                  | rC+ Slay+6}
  4334 | D:5      | Reached skill level 8 in Ranged Weapons
  4647 | D:6      | Reached XP level 8. HP: 56/56 MP: 8/8
  5300 | D:6      | Found Vinun's Weapon Emporium.
  5313 | D:5      | Reached skill level 9 in Ranged Weapons
  5603 | D:6      | Found Baesuer's Weapon Shop.
  5607 | D:6      | Found Ariodaco's Jewellery Shop.
  5612 | D:6      | Found Tarchu's Antique Armour Shop.
  5612 | D:6      | Found Ypeucaxuka's Assorted Antiques.
  5804 | D:6      | Bought a faintly glowing sling for 143 gold pieces
  5804 | D:6      | Identified the +7 sling of Xom {drain, rPois Int+6 Dex+4}
                  | (You bought it in a shop on level 6 of the Dungeon)
  5805 | D:6      | Bought a scroll of identify for 44 gold pieces
  5815 | D:6      | Bought a helmet for 94 gold pieces
  5828 | D:6      | Noticed asti's ghost (amateur MiFi)
  5830 | D:6      | Found a runed translucent gate.
  5830 | D:6      | Found a runed translucent gate.
  5831 | D:6      | Found a runed translucent gate.
  5857 | D:6      | Reached skill level 10 in Ranged Weapons
  5907 | D:6      | Reached skill level 1 in Stealth
  5938 | D:6      | Reached skill level 1 in Armour
  5938 | D:6      | Reached skill level 2 in Dodging
  6051 | D:6      | Noticed Blork the orc
  6057 | D:6      | Killed Blork the orc
  6058 | D:6      | Reached XP level 9. HP: 51/62 MP: 9/9
  6196 | D:6      | Reached skill level 3 in Fighting
  6196 | D:6      | Reached skill level 2 in Stealth
  6807 | D:7      | Reached skill level 3 in Dodging
  6879 | D:7      | Found a staircase to the Ecumenical Temple.
  6886 | Temple   | Entered the Ecumenical Temple
  6944 | Temple   | Became a worshipper of Cheibriados the Contemplative
  7007 | D:7      | Reached skill level 3 in Stealth
  7044 | D:7      | Reached skill level 4 in Fighting
  7044 | D:7      | Reached skill level 1 in Invocations
  7082 | D:7      | Noticed a troll
  7091 | D:7      | Killed a troll
  7286 | D:7      | Reached skill level 2 in Invocations
  7640 | D:5      | Killed Edmund
  7641 | D:5      | Reached skill level 5 in Fighting
  7641 | D:5      | Reached skill level 4 in Dodging
  7641 | D:5      | Reached skill level 4 in Stealth
  8026 | D:5      | Found a runed translucent door.
  8027 | D:5      | Noticed Crazy Yiuf
  8108 | D:8      | Reached * piety under Cheibriados
  8119 | D:8      | Reached skill level 3 in Invocations
  8195 | D:8      | Reached XP level 10. HP: 74/74 MP: 12/12
  8344 | D:8      | Reached ** piety under Cheibriados
  8388 | D:8      | Noticed a two-headed ogre
  8405 | D:8      | Killed a two-headed ogre
  8406 | D:8      | Reached skill level 6 in Fighting
  8406 | D:8      | Reached skill level 4 in Invocations
  8776 | D:6      | Bought a twisted leather armour for 147 gold pieces
  8776 | D:6      | Identified the +3 leather armour "Venwib" {Stlth+} (You
                  | bought it in a shop on level 6 of the Dungeon)
  8952 | D:8      | Reached skill level 5 in Invocations
  8960 | D:8      | Reached skill level 7 in Fighting
  8972 | D:8      | Reached *** piety under Cheibriados
  9657 | D:9      | Found a broken altar of Ashenzari.
 10110 | D:9      | Reached **** piety under Cheibriados
 10114 | D:9      | Reached skill level 6 in Invocations
 10507 | D:10     | Entered Level 10 of the Dungeon
 10509 | D:10     | Noticed a two-headed ogre
 10520 | D:10     | Killed a two-headed ogre
 10521 | D:10     | Reached skill level 7 in Invocations
 10521 | D:10     | Reached XP level 11. HP: 52/86 MP: 12/16
 10615 | D:10     | Found a staircase to the Lair.
 10674 | D:10     | Reached skill level 8 in Invocations
 10882 | D:10     | Noticed Maurice
 10883 | D:10     | Reached ***** piety under Cheibriados
 10899 | D:10     | Killed Maurice
 10900 | D:10     | Reached skill level 8 in Fighting
 11256 | D:11     | Noticed a two-headed ogre
 11263 | D:11     | Killed a two-headed ogre
 11315 | D:11     | Noticed a boulder beetle
 11339 | D:11     | Killed a boulder beetle
 11573 | Lair:1   | Entered Level 1 of the Lair of Beasts
 11583 | Lair:1   | Reached skill level 11 in Ranged Weapons
 11583 | Lair:1   | Reached skill level 9 in Invocations
 11717 | Lair:1   | Noticed Erica
 11894 | Lair:1   | Found a runed translucent door.
 11894 | Lair:1   | Noticed Wuguth's ghost (journeyman GrEE)
 12064 | Lair:1   | Killed Erica
 12297 | Lair:1   | Reached XP level 12. HP: 94/94 MP: 18/18
 12539 | Lair:1   | Reached skill level 5 in Dodging
 12962 | Lair:2   | Reached skill level 9 in Fighting
 13150 | Lair:2   | Reached skill level 12 in Ranged Weapons
 13181 | Lair:2   | Found a staircase to the Snake Pit.
 13282 | Lair:2   | Reached ****** piety under Cheibriados
 13445 | Lair:2   | Noticed a catoblepas
 13462 | Lair:2   | Killed a catoblepas
 13694 | Lair:2   | Reached skill level 6 in Dodging
 13759 | Lair:3   | Found a gate leading to a gauntlet.
 13774 | Gauntlet | Entered a Gauntlet
 13774 | Gauntlet | Found a transporter.
 13775 | Gauntlet | Found a runed translucent door.
 13777 | Gauntlet | Found a transporter.
 13779 | Gauntlet | Found a transporter.
 13782 | Gauntlet | Noticed a dire elephant
 13783 | Gauntlet | Found a transporter.
 13785 | Gauntlet | Found a runed translucent door.
 13811 | Gauntlet | Found a transporter.
 13834 | Gauntlet | Found a runed translucent gate.
 13835 | Gauntlet | Found a transporter.
 13835 | Gauntlet | Found a runed translucent gate.
 13836 | Gauntlet | Found a runed translucent gate.
 13837 | Gauntlet | Noticed a balrug
 13842 | Gauntlet | Found a transporter.
 13859 | Gauntlet | Found a transporter.
 13865 | Gauntlet | Noticed a hell beast
 13882 | Gauntlet | Found a transporter.
 13884 | Gauntlet | Found a transporter.
 13893 | Gauntlet | Found a transporter.
 13915 | Gauntlet | Found a transporter.
 13966 | Gauntlet | Identified the amulet "Boic" {Harm Rampage Regen+}
 14007 | Gauntlet | Killed a hell beast
 14014 | Gauntlet | Identified the staff of death "Kicsow" {rPois rF+ rN+}
 14018 | Gauntlet | Identified the +2 cloak of the Carved Slorg {-Tele Harm
                  | SInv}
 14068 | Gauntlet | Identified the +9 shortbow "Meliudwe" {drain, Str+3}
 14068 | Gauntlet | Noticed a minotaur
 14081 | Gauntlet | Killed a minotaur
 14082 | Gauntlet | Reached skill level 10 in Fighting
 14092 | Gauntlet | You add the spells Lesser Beckoning, Teleport Other and
                  | Dispersal to your library.
 14092 | Gauntlet | Got the Compilation of Portals
 14395 | Lair:3   | You pick up a book of Rime and begin reading...
 14395 | Lair:3   | You add the spells Frozen Ramparts and Summon Ice Beast to
                  | your library.
 14954 | Lair:3   | Reached skill level 2 in Armour
 15276 | Lair:4   | You fall into a shaft and drop 1 floor!
 15276 | Lair:5   | Entered Level 5 of the Lair of Beasts
 15276 | Lair:5   | Noticed Josephine
 15413 | Lair:4   | Gained mutation: You are strongly in touch with the powers
                  | of death. [Mummy growth]
 15413 | Lair:4   | Reached XP level 13. HP: 100/104 MP: 13/19
 15415 | Lair:4   | Reached skill level 7 in Dodging
 15442 | Lair:4   | Reached skill level 3 in Armour
 15678 | Lair:4   | HP: 25/105 [wolf (3)]
 15684 | Lair:4   | HP: 20/105 [cane toad (1)]
 16242 | Lair:4   | Reached skill level 11 in Fighting
 16373 | Lair:5   | Noticed Sonja
 16378 | Lair:5   | Killed Sonja
 16379 | Lair:5   | Reached skill level 4 in Armour
 16440 | Lair:4   | Reached skill level 13 in Ranged Weapons
 16637 | Lair:5   | Found a viscous altar of Jiyva.
 16638 | Lair:5   | Found a staircase to the Slime Pits.
 16647 | Lair:5   | Identified the +3 great mace of Yvares {heavy, rF+ Dex+2}
 16658 | Lair:5   | Killed Josephine
 16804 | Lair:5   | Reached skill level 8 in Dodging
 16815 | Lair:5   | Found a runed translucent door.
 16815 | Lair:5   | Noticed Pooter's ghost (journeyman MiBe)
 17189 | D:6      | Bought a ring of flight for 210 gold pieces
 17511 | Lair:5   | Reached skill level 5 in Armour
 18013 | Lair:5   | Noticed a dire elephant
 18034 | Lair:5   | HP: 26/107 [dire elephant (27)]
 18410 | Lair:5   | Reached XP level 14. HP: 114/114 MP: 20/20
 18555 | Lair:5   | Reached skill level 12 in Fighting
 18845 | Lair:5   | Reached skill level 6 in Armour
 19120 | Lair:5   | Identified the +6 long sword "Newtbane" {antimagic, Fly
                  | rPois Str-2 SInv}
 19561 | D:11     | You pick up a book of Weapons and begin reading...
 19561 | D:11     | You add the spells Tukima's Dance and Portal Projectile to
                  | your library.
 19572 | D:11     | Identified the +11 trident of the Freezing Asp {heavy,
                  | Stlth+}
 19860 | D:12     | Noticed Nergalle
 19872 | D:11     | Killed Nergalle
 19873 | D:11     | Reached skill level 14 in Ranged Weapons
 19922 | D:11     | Reached skill level 7 in Armour
 19929 | D:12     | You pick up a book of Rime and begin reading...
 20494 | D:12     | Found a staircase to the Orcish Mines.
 20541 | D:12     | Identified the +4 chain mail "Quteet" {Rampage Drain Str-5
                  | Dex+8}
 20673 | D:12     | Found a portal to a secret trove of treasure.
 20983 | D:13     | Found a broken altar of Ashenzari.
 21600 | D:13     | Noticed Urug
 21607 | D:13     | Killed Urug
 21608 | D:13     | Reached skill level 8 in Armour
 21638 | D:13     | You pick up a book of Lightning and begin reading...
 21638 | D:13     | You add the spells Vhi's Electric Charge, Arcjolt and
                  | Plasma Beam to your library.
 21787 | D:13     | Found a gate to the Vaults.
 21802 | D:13     | HP: 26/115 [vault guard/+0 great sword (17)]
 22839 | D:14     | Reached XP level 15. HP: 120/120 MP: 21/21
 23065 | D:14     | Identified the +0 pair of boots of Woskanog {rPois rN+
                  | Will-}
 23234 | D:14     | Reached skill level 15 in Ranged Weapons
 23234 | D:14     | Reached skill level 9 in Armour
 23307 | D:14     | Found an ancient bone altar of Kikubaaqudgha.
 23632 | D:15     | Entered Level 15 of the Dungeon
 23723 | Orc:1    | Entered Level 1 of the Orcish Mines
 24161 | Orc:2    | Entered Level 2 of the Orcish Mines
 24668 | Orc:2    | Found a runed translucent door.
 24668 | Orc:2    | Found a shimmering altar of Xom.
 24668 | Orc:2    | Noticed Paptupha's ghost (journeyman DEHu)
 24723 | Orc:2    | Found a staircase to the Elven Halls.
 25118 | Orc:2    | Reached skill level 10 in Armour
 25170 | Orc:2    | Found Baiviol's Magic Scroll Shoppe.
 25170 | Orc:2    | Found Ciulech's Distillery.
 25171 | Orc:2    | Found Jiufynua's Magic Scroll Emporium.
 25171 | Orc:2    | Found Naukunei's Magic Scroll Shoppe.
 25478 | Orc:2    | Bought a scroll of poison for 52 gold pieces
 25478 | Orc:2    | Bought a scroll of blinking for 97 gold pieces
 25478 | Orc:2    | Bought a scroll of fear for 52 gold pieces
 25478 | Orc:2    | Bought a scroll of torment for 123 gold pieces
 25478 | Orc:2    | Bought a scroll of enchant weapon for 97 gold pieces
 25481 | Orc:2    | Bought a scroll of enchant armour for 82 gold pieces
 25481 | Orc:2    | Bought a scroll of enchant armour for 82 gold pieces
 26063 | D:15     | Identified the +7 dagger of Xumufarph {heavy, rElec rN+}
 26865 | D:15     | Found a staircase to the Depths.
 26885 | D:15     | Reached skill level 16 in Ranged Weapons
 27249 | Snake:1  | Entered Level 1 of the Snake Pit
 27813 | Snake:1  | Noticed Agnes
 27817 | Snake:1  | Killed Agnes
 27818 | Snake:1  | Reached skill level 11 in Armour
 28006 | Snake:1  | Identified the +2 robe "Ujoddo" {Slay+2}
 28250 | Snake:1  | Identified Roxanne's Book of Erosion
 28250 | Snake:1  | Noticed Roxanne
 28466 | Snake:1  | Reached XP level 16. HP: 63/127 MP: 16/22
 28668 | Snake:1  | Noticed Aizul
 28684 | Snake:1  | Killed Aizul
 28685 | Snake:1  | Reached skill level 12 in Armour
 28761 | Snake:1  | Noticed Louise
 28784 | Snake:1  | You are cast into the Abyss!
 28784 | Abyss:3  | Cast into level 3 of the Abyss (Louise)
 28850 | Abyss:3  | Found a corrupted altar of Lugonu.
 29057 | Abyss:3  | Noticed an Executioner
 29068 | Abyss:3  | Killed an Executioner
 29144 | Abyss:3  | Noticed a tentacled starspawn
 29149 | Abyss:3  | Killed a tentacled starspawn
 29225 | Abyss:3  | Noticed a tentacled starspawn
 29232 | Abyss:3  | Killed a tentacled starspawn
 29296 | Abyss:3  | Found a corrupted altar of Lugonu.
 29346 | Snake:1  | You pass through the gate.
 29346 | Snake:1  | Escaped the Abyss
 29352 | Snake:1  | HP: 28/127 [rock wall collision (8)]
 29355 | Snake:1  | HP: 9/127 [wretched star/lance of force (13)]
 29813 | Snake:1  | Killed Louise
 29823 | Snake:1  | Reached skill level 13 in Armour
 30179 | Snake:2  | Noticed Frances
 30194 | Snake:1  | Killed Frances
 30502 | Snake:2  | You pick up a book of Air and begin reading...
 30502 | Snake:2  | You add the spells Shock, Swiftness and Airstrike to your
                  | library.
 31242 | Snake:3  | Noticed Saint Roka
 31276 | Snake:2  | HP: 29/127 [Saint Roka/+0 long sword of protection (5)]
 31282 | Snake:2  | HP: 8/127 [Saint Roka/divine providence (11)]
 31288 | Snake:2  | HP: 2/127 [Saint Roka/divine providence (10)]
 31290 | Snake:2  | Killed from afar by Saint Roka

Vanquished Creatures
  An Executioner (Abyss:3)
  2 tentacled starspawn (Abyss:3)
  Frances (Snake:1)
  Agnes (Snake:1)
  Louise (Snake:1)
  Aizul (Snake:1)
  A stone giant (D:15)
  A minotaur (Gauntlet)
  A dire elephant (Lair:5)
  Josephine (Lair:5)
  6 hydras
  A hell beast (Gauntlet)
  5 vault guards (D:13)
  3 boulder beetles
  2 centaur warriors
  2 catoblepae
  7 two-headed ogres
  Erica (Lair:1)
  A death knight (D:13)
  6 death yaks
  4 anacondas
  7 tengu warriors
  A naga warrior (Snake:2)
  Urug (D:13)
  A naga sharpshooter (Snake:1)
  6 shock serpents
  A titan skeleton (Abyss:3)
  2 wretched stars
  5 orc high priests (Orc:2)
  Sonja (Lair:5)
  Nergalle (D:11)
  3 skeletal warriors (D:15)
  3 skysharks (Lair:5)
  A salamander mystic (Snake:2)
  A naga ritualist (Snake:1)
  6 slime creatures
  An orange crystal statue (Snake:1)
  A lindwurm (Lair:4)
  2 shadow demons (Abyss:3)
  4 large abominations (Abyss:3)
  10 orc knights
  3 orc sorcerers
  2 deep elf pyromancers
  5 starcursed masses (Abyss:3)
  4 salamanders
  10 ugly things
  5 mana vipers
  2 manticores (Lair:5)
  4 cyclopes
  11 elephants
  A moth of wrath (Gauntlet)
  Maurice (D:10)
  16 black mambas
  A water nymph (Lair:2)
  2 guardian serpents
  16 cane toads
  A torpor snail (Lair:5)
  5 naga magi
  2 kobold demonologists
  7 komodo dragons
  3 rime drakes
  2 freezing wraiths
  3 tengu conjurers
  9 trolls
  2 polar bears
  24 blink frogs
  2 hornets
  2 dream sheep (Lair:5)
  A centaur simulacrum (D:15)
  A spriggan (Lair:3)
  3 wraiths (Lair:5)
  A ynoxinul (Abyss:3)
  3 vampires
  A human (D:13)
  5 water elementals (D:14)
  Eustachio (D:4)
  7 wyverns
  39 yaks
  3 basilisks
  A chaos spawn (Snake:1)
  A steam dragon (D:6)
  A neqoxec (Abyss:3)
  4 redbacks (Gauntlet)
  12 vampire mosquitoes
  4 wargs
  10 nagas
  Edmund (D:5)
  An acid dragon (D:8)
  16 water moccasins
  2 ice beasts (D:6)
  A sky beast (D:7)
  3 black bears
  51 orc warriors
  12 centaurs
  5 ogres
  15 wolves
  3 phantoms
  3 small abominations (Abyss:3)
  2 kobold brigands (D:8)
  Blork the orc (D:6)
  12 bullfrogs
  4 gnoll sergeants
  3 scorpions
  7 wights
  15 killer bees
  2 electric eels
  2 howler monkeys
  An iron imp (Abyss:3)
  44 orc priests
  A hound (D:4)
  A gnoll bouda (Orc:2)
  A jelly (D:8)
  3 iguanas
  A sleepcap (D:5)
  31 orc wizards
  17 gnolls
  8 adders
  2 white imps
  3 worms
  2 dart slugs (D:4)
  93 orcs
  7 endoplasms
  2 giant cockroaches
  10 hobgoblins
  6 jackals
  15 kobolds
  2 quokkas
  8 ball pythons
  5 bats
  4 frilled lizards
  13 goblins
  A kobold zombie (D:8)
  6 rats
798 creatures vanquished.

Vanquished Creatures (others)
  A guardian serpent (Snake:1)
  An orc warrior (Orc:1)
  An orc (Snake:3)
  14 fungi
  22 plants
  2 starspawn tentacles (Abyss:3)
41 creatures vanquished.

Grand Total: 839 creatures vanquished

Table legend:
 A = Non-vault XP
 B = Vault XP
 C = Vault XP percentage of total XP
 D = Non-vault monster count
 E = Vault monster count
 F = Vault count percentage of total count
                 A         B        C        D         E       F
            +---------+---------+-------+---------+---------+-------
      Total |  135357 |   50556 |  27.2 |     616 |     184 |  23.0
            +---------+---------+-------+---------+---------+-------
        D:1 |      29 |       0 |   0.0 |      19 |       0 |   0.0
        D:2 |      76 |       6 |   7.3 |      21 |       4 |  16.0
        D:3 |     140 |      17 |  10.8 |      20 |       3 |  13.0
        D:4 |     430 |     196 |  31.3 |      25 |       1 |   3.8
        D:5 |     728 |     166 |  18.6 |      13 |       1 |   7.1
        D:6 |    1352 |      91 |   6.3 |      23 |       1 |   4.2
        D:7 |    1038 |     552 |  34.7 |      12 |       5 |  29.4
        D:8 |    2523 |     869 |  25.6 |      36 |      27 |  42.9
        D:9 |    2185 |       0 |   0.0 |      37 |       0 |   0.0
       D:10 |    3550 |     485 |  12.0 |      17 |       1 |   5.6
       D:11 |    6600 |     765 |  10.4 |      25 |       1 |   3.8
       D:12 |    6806 |       0 |   0.0 |      27 |       0 |   0.0
       D:13 |    6223 |    6547 |  51.3 |      20 |      11 |  35.5
       D:14 |    9523 |       0 |   0.0 |      19 |       0 |   0.0
       D:15 |   11528 |    2712 |  19.0 |      29 |       3 |   9.4
     Lair:1 |    4987 |    1538 |  23.6 |      23 |       3 |  11.5
     Lair:2 |    4441 |    1435 |  24.4 |      15 |       4 |  21.1
     Lair:3 |    2147 |    1072 |  33.3 |       9 |       7 |  43.8
     Lair:4 |   13116 |       0 |   0.0 |      33 |       0 |   0.0
     Lair:5 |   12683 |   12917 |  50.5 |      39 |      26 |  40.0
    Snake:1 |   16073 |    5998 |  27.2 |      34 |       5 |  12.8
    Snake:2 |    9273 |       0 |   0.0 |      17 |       0 |   0.0
    Snake:3 |    1806 |    1226 |  40.4 |       3 |       7 |  70.0
      Orc:1 |    3840 |       0 |   0.0 |      50 |       0 |   0.0
      Orc:2 |    2486 |   10878 |  81.4 |      27 |      67 |  71.3
    Abyss:3 |   11774 |       0 |   0.0 |      23 |       0 |   0.0
   Gauntlet |       0 |    3086 | 100.0 |       0 |       7 | 100.0
            +---------+---------+-------+---------+---------+-------

Illustrated notes

Table legend:
 A = Kills in this place as a percentage of kills in the entire game.
 B = Kills by you in this place as a percentage of kills by you in the entire game.
 C = Kills by friends in this place as a percentage of kills by friends in the entire game.
 D = Other kills in this place as a percentage of other kills in the entire game.
 E = Experience gained in this place as a percentage of experience gained in the entire game.
 F = Experience gained in this place divided by the number of levels of this place that you have seen.
                   A       B       C       D       E      F
               +-------+-------+-------+-------+-------+----------------------
         Total | 100.0 | 100.0 |   N/A | 100.0 | 100.0 | 6639.8
       Dungeon |  50.1 |  50.3 |   N/A |   0.0 |  35.0 | 4342.5
          Lair |  19.9 |  19.9 |   N/A |   0.0 |  29.2 | 10867.2
     Snake Pit |   8.2 |   8.1 |   N/A |  50.0 |  18.5 | 11458.7
  Orcish Mines |  18.0 |  17.9 |   N/A |  50.0 |   9.3 | 8602.0
         Abyss |   2.9 |   2.9 |   N/A |   0.0 |   6.3 | 11774.0
      Gauntlet |   0.9 |   0.9 |   N/A |   0.0 |   1.7 | 3086.0
               +-------+-------+-------+-------+-------+----------------------

Table legend: (Time is in decaauts)
 A = Elapsed time spent in this place.
 B = Non-inter-level travel time spent in this place.
 C = Inter-level travel time spent in this place.
 D = Time resting spent in this place.
 E = Time spent auto-exploring this place.
 F = Levels seen in this place.
 G = Mean time per level.
                   A        B        C        D        E       F      G
               +--------+--------+--------+--------+--------+-----+--------+
         Total |  44805 |  39558 |   5247 |   5936 |  24964 |  28 | 1600.2 |
       Dungeon |  23491 |  20509 |   2982 |   2210 |  13978 |  15 | 1566.1 |
        Temple |     89 |     59 |     30 |      0 |     47 |   1 |   89.0 |
          Lair |  12536 |  11006 |   1530 |   1708 |   7070 |   5 | 2507.2 |
     Snake Pit |   4416 |   4013 |    403 |   1353 |   1875 |   3 | 1472.0 |
  Orcish Mines |   2946 |   2645 |    301 |    414 |   1349 |   2 | 1473.0 |
         Abyss |    669 |    669 |      0 |    197 |    272 |   1 |  669.0 |
      Gauntlet |    655 |    655 |      0 |     53 |    370 |   1 |  655.0 |
               +--------+--------+--------+--------+--------+-----+--------+

Top non-repeatable levels by time:
  Lair:5: 4002 daAuts
  Lair:1: 2738 daAuts
    D:13: 2515 daAuts
 Snake:1: 2507 daAuts
    D:14: 2330 daAuts
    D:15: 2276 daAuts
  Lair:2: 1999 daAuts
   Orc:2: 1990 daAuts
     D:5: 1979 daAuts
  Lair:4: 1921 daAuts
 Snake:2: 1891 daAuts
  Lair:3: 1874 daAuts
     D:9: 1706 daAuts
     D:8: 1635 daAuts
     D:6: 1611 daAuts
